 Dungeon Crawl Stone Soup version 0.21.1-1-g345015f (webtiles) character file.

79 Monsterracer the Covered (level 4, -4/42 HPs)
             Began as a Deep Dwarf Fighter on June 3, 2018.
             Killed by divine providence
             ... invoked by an orc priest
              (8 damage)
             ... on level 4 of the Dungeon.
             The game lasted 00:01:03 (1198 turns).

Monsterracer the Covered (Deep Dwarf Fighter)       Turns: 1198, Time: 00:01:03

Health: -4/42      AC: 11    Str: 20    XL:     4   Next: 17%
Magic:  4/4        EV:  3    Int:  9    God:
Gold:   55         SH:  9    Dex: 12    Spells: 3/3 levels left

rFire    . . .     SeeInvis .   a - +0 war axe
rCold    . . .     Gourm    .   f - +0 shield
rNeg     . . .     Faith    .   k - +0 plate armour
rPois    .         Spirit   .   (no helmet)
rElec    .         Reflect  .   (no cloak)
rCorr    .         Harm     .   (no gloves)
MR       .....                  (no boots)
Stlth    ..........             (no amulet)
HPRegen  0.00/turn              (no ring)
MPRegen  0.09/turn              (no ring)

@: non-regenerating
A: damage resistance, heal wounds, sense surroundings 1, no regeneration
a: Heal Wounds


You were on level 4 of the Dungeon.
You were very hungry.

You visited 1 branch of the dungeon, and saw 4 of its levels.

You collected 55 gold pieces.

Inventory:

Hand Weapons
 a - a +0 war axe (weapon)
Armour
 f - a +0 shield (worn)
 k - a +0 plate armour (worn)
Scrolls
 g - a scroll of blinking {unknown}
 i - a scroll of remove curse {unknown}
 j - a scroll of identify {unknown}
Potions
 b - a potion of degeneration {unknown}
 d - a potion of might
 e - a potion of curing {unknown}
 h - a potion of lignification {unknown}
 l - a potion of magic {unknown}
Comestibles
 c - 5 rations


   Skills:
 + Level 3.1 Fighting
 * Level 3.5 Axes
 + Level 3.8 Armour
 + Level 3.8 Shields


You had 3 spell levels left.
You didn't know any spells.

Dungeon Overview and Level Annotations

Branches:
Dungeon (4/15)
 Temple: D:4-7

Altars:
Ru
Wu Jian


Innate Abilities, Weirdness & Mutations

You are resistant to damage.
You can heal yourself by infusing magical energy.
You passively map a small area around you.
You do not regenerate.


Message History

A giant cockroach is nearby!
A giant cockroach is nearby!
The giant cockroach bites you but does no damage.
There is an open door here.
You slash the giant cockroach!
You kill the giant cockroach!
No target in view!
No target in view!
No target in view!
Key pressed, stopping explore.
No target in view!
c - 5 rations (gained 1)
You open the door. As you open the door, it creaks loudly!
There is an open door here.
A bat comes into view.
A bat is nearby!
(D) Dungeon
Where to? (Enter - D:4, ? - help)
A bat is nearby!
A bat is nearby!
The bat hits you but does no damage.
Your shield and plate armour prevent you from hitting the bat.
The bat hits you but does no damage.
Your shield and plate armour prevent you from hitting the bat.
The bat barely misses you.
A bat is nearby!
The bat hits you but does no damage. The bat barely misses you.
(D) Dungeon
Where to? (Enter - D:4, ? - help)
A bat is nearby!
You miss the bat. You block the bat's attack.
The bat hits you but does no damage. x2
Your plate armour prevents you from hitting the bat.
The bat barely misses you. You block the bat's attack.
(D) Dungeon
Where to? (Enter - D:4, ? - help)
A bat is nearby!
You block the bat's attack. x2
Your plate armour prevents you from hitting the bat.
You block the bat's attack.
(D) Dungeon
Where to? (Enter - D:4, ? - help)
A bat is nearby!
The bat hits you but does no damage.
(D) Dungeon
Where to? (Enter - D:4, ? - help)
A bat is nearby!
Your shield and plate armour prevent you from hitting the bat.
The bat hits you but does no damage. The bat hits you but does no damage.
You block the bat's attack. You block the bat's attack.
The bat hits you but does no damage. x2
You slash the bat!
You kill the bat!
No target in view!
No target in view!
(D) Dungeon
Where to? (Enter - D:4, ? - help)
You are feeling very hungry.
There is an open door here.
(D) Dungeon
Where to? (Enter - D:4, ? - help)
There is a stone staircase leading down here.
You climb downwards.
There is a stone staircase leading up here.
An orc comes into view. It is wielding a club.
The orc shouts!
You hear a shout! x2
Found a whip.
An orc is nearby!
An orc and an orc priest come into view.
The orc shouts!
The orc priest shouts!
Found 11 gold pieces.
An orc comes into view. It is wielding a flail.
You block the orc's attack.
An adder comes into view.
The adder hisses angrily.
You slash the orc!
You kill the orc!
You completely miss the orc priest. You completely miss the orc.
The orc hits you but does no damage. You block the orc priest's attack.
The orc priest invokes the aid of Beogh against you.
Pain shoots through your body!
You take 5 damage, and have 16/42 hp.
You closely miss the orc priest. You slash the orc!
You kill the orc!
You block the adder's attack.
You hit the orc priest but do no damage.
You hit the adder. You closely miss the orc. The adder barely misses you.
The orc priest mumbles some strange prayers to Beogh against you.
Beogh smites you!
* * * LOW HITPOINT WARNING * * *
The orc hits you with a flail.
* * * LOW HITPOINT WARNING * * *
You block the adder's attack.
The orc priest mumbles some strange prayers to Beogh against you.
Beogh smites you!
You die...

* * #.. * , #... *
#...#####
#..)....####
..#........#
..........$#
......oo...#
#.....S@...#######
,
#.$...###.......<#
, ..... #.########
,, , .... , #.# ,
..# #.# # #.# * *
* #.# , #.# ,


You could see an orc priest, an adder and an orc.

Vanquished Creatures
  3 adders (D:3)
  An ooze (D:1)
  2 worms (D:3)
  3 dart slugs
  3 orcs
  3 giant cockroaches
  3 goblins
  3 hobgoblins
  4 jackals (D:1)
  4 kobolds
  4 bats
  A rat (D:1)
34 creatures vanquished.

Vanquished Creatures (others)
  4 toadstools (D:1)
4 creatures vanquished.

Grand Total: 38 creatures vanquished

Notes
Turn   | Place    | Note
-------+----------+-------------------------------------------
     0 | D:1      | Monsterracer the Deep Dwarf Fighter began the quest for the Orb.
     0 | D:1      | Reached XP level 1. HP: 20/20 MP: 1/1
   106 | D:1      | Reached XP level 2. HP: 20/27 MP: 2/2
   661 | D:3      | Reached XP level 3. HP: 19/34 MP: 3/3
   790 | D:3      | Found an ornate altar of the Wu Jian Council.
   974 | D:3      | Found a sacrificial altar of Ru.
   984 | D:3      | Reached XP level 4. HP: 21/42 MP: 4/4
  1198 | D:4      | Killed from afar by an orc priest

Skill      XL: |  1  2 |
---------------+-------+-----
Axes           | 3 |  3.5
Fighting       | 3 |  3.1
Armour         | |  3.8
Shields        | |  3.8

Action                   |  1- 3 |  4- 6 || total
-------------------------+-------+-------++-------
Melee: War axe           |    82 |    12 ||    94
Armor: Scale mail        |    21 |       ||    21
       Plate armour      |    31 |    11 ||    42
Dodge: Dodged            |    17 |     4 ||    21
Block: Shield            |    45 |    11 ||    56

Vault maps used:
D:1:      ldierk_water_garden
D:2:      first_ration, minmay_rat_gold_closets
D:3:      old_standard_altar, wad_floor_pattern_untrapped,
          minmay_misc_feat_enclosed, nicolae_ru_awakened_eye, uniq_grinder
D:4:      uniq_sigmund, uniq_natasha
